 Dungeon Crawl Stone Soup version 0.20.1-1-g8b1a95d (webtiles) character file.

93 vineage the Skirmisher (level 4, -6/37 HPs)
             Began as a Demonspawn Berserker on Sept 30, 2017.
             Was a Believer of Trog.
             Killed from afar by Sigmund (8 damage)
             ... with a puff of flame
             ... on level 2 of the Dungeon.
             The game lasted 00:02:25 (1492 turns).

vineage the Skirmisher (Demonspawn Berserker)       Turns: 1492, Time: 00:02:26

Health: -6/37      AC:  4    Str: 18    XL:     4   Next: 37%
Magic:  4/4        EV: 12    Int:  9    God:    Trog [**....]
Gold:   48         SH:  0    Dex: 12    Spells: 3/3 levels left

rFire    . . .     SeeInvis .   a - +0 falchion
rCold    . . .     Gourm    .   (no shield)
rNeg     . . .     Faith    .   b - +0 animal skin
rPois    .         Spirit   .   (no helmet)
rElec    .         Reflect  .   (no cloak)
rCorr    .         Harm     .   (no gloves)
MR       .....                  (no boots)
Stlth    +.........             (no amulet)
Regen    0.2/turn               (no ring)
MPRegen  0.1/turn               (no ring)

@: berserk cooldown, starving, slowed, very slow
A: claws 1, iridescent scales 1, rot immunity
a: Berserk, Trog's Hand, Burn Spellbooks, Renounce Religion


You were on level 2 of the Dungeon.
You worshipped Trog.
Trog was pleased with you.
You were starving.

You visited 1 branch of the dungeon, and saw 2 of its levels.

You collected 48 gold pieces.

Inventory:

Hand Weapons
 a - a +0 falchion (weapon)
Armour
 b - a +0 animal skin (worn)
Jewellery
 g - an uncursed ring of wizardry {unknown}
Wands
 d - a wand of confusion (6/48)
Scrolls
 e - a scroll of identify {unknown}
 i - a scroll of immolation {unknown}
 j - a scroll of remove curse {unknown}
Potions
 h - a potion of berserk rage
 k - a potion of heal wounds {unknown}
 l - a potion of brilliance {unknown}
Comestibles
 c - a bread ration
 f - a royal jelly


   Skills:
 + Level 3.9 Fighting
 + Level 3.7 Long Blades
 + Level 2.0 Armour
 + Level 2.2 Dodging


You had 3 spell levels left.
You didn't know any spells.

Dungeon Overview and Level Annotations

Branches:
Dungeon (2/15)

Altars:

Annotations:
D:2 Sigmund


Innate Abilities, Weirdness & Mutations

You have sharp fingernails.
You are partially covered in iridescent scales. (AC +2)
You are immune to rotting.


Message History

Unknown command.
You barely miss something. Something hits you!
You barely miss something.
You feel the effects of Trog's Hand fading.
Something hits you.
You hit something. Something hits you.
You hit something but do no damage. Something hits you.
You miss something.
Your skin stops crawling.
You feel less resistant to hostile enchantments.
Something hits you!
* * * LOW HITPOINT WARNING * * *
You closely miss something. Something hits you.
* * * LOW HITPOINT WARNING * * *
You are too injured to fight recklessly!
You barely miss something.
You hear some strange, mumbled words.
A puff of flame appears from out of thin air!
The puff of flame hits you!
You die...

#.[.....).# ....
###...##.#)# ....
.8).).##...# ...#
........#### ...
........########.#
.................#
.................# ..
....##..........#####...
.8..##..........@{......
######......#...........
#......#.......?##.
#......#........#
#......#........#
#......##.#######
#......##.# #.....?##.#
#.#


There were no monsters in sight!

Vanquished Creatures
  Ijyb (D:2)
  2 adders (D:2)
  An ooze (D:1)
  A worm (D:2)
  3 dart slugs
  3 giant cockroaches (D:1)
  9 goblins
  2 hobgoblins (D:1)
  A quokka (D:2)
  3 bats (D:1)
  2 frilled lizards (D:1)
  3 kobolds
  7 rats (D:1)
38 creatures vanquished.

Notes
Turn   | Place    | Note
-------+----------+-------------------------------------------
     0 | D:1      | vineage the Demonspawn Berserker began the quest for the Orb.
     0 | D:1      | Reached XP level 1. HP: 18/18 MP: 1/1
   259 | D:1      | Gained mutation: You have sharp fingernails. [demonic ancestry]
   259 | D:1      | Reached XP level 2. HP: 24/24 MP: 2/2
   666 | D:1      | Gained mutation: You are immune to rotting. [demonic ancestry]
   666 | D:1      | Reached XP level 3. HP: 21/29 MP: 3/3
  1315 | D:2      | Reached ** piety under Trog
  1317 | D:2      | Noticed Ijyb
  1348 | D:2      | Killed Ijyb
  1348 | D:2      | Gained mutation: You are partially covered in iridescent scales. (AC +2) [demonic ancestry]
  1348 | D:2      | Reached XP level 4. HP: 19/37 MP: 4/4
  1468 | D:2      | Noticed Sigmund
  1492 | D:2      | Killed from afar by Sigmund

Skill      XL: |  1  2  3 |
---------------+----------+-----
Long Blades    | 3 |  3.7
Dodging        | 2 |  2.2
Armour         | 2 |  2.0
Fighting       | |  3.9

Action                   |  1- 3 |  4- 6 || total
-------------------------+-------+-------++-------
Melee: Falchion          |   121 |    23 ||   144
Invok: Berserk           |     1 |     1 ||     2
       Trog's Hand       |       |     1 ||     1
  Use: Potion            |     2 |     1 ||     3
  Eat: Chunk             |     1 |     1 ||     2
Armor: Animal skin       |    13 |     2 ||    15
Dodge: Dodged            |    84 |     5 ||    89
       Rpst.: Falchion   |    25 |       ||    25
